 Dungeon Sprint DCSS version 0.18.1-51-gd549091e01 (webtiles) character file.

270 magog001 the Fighter (level 6, -3/63 HPs)
             Began as a Minotaur Fighter on Mar 13, 2021.
             Slain by a slime creature (6 damage)
             ... in the Dungeon (Sprint I: "Red Sonja").
             The game lasted 00:01:29 (137 turns).

magog001 the Fighter (Minotaur Fighter)              Turns: 137, Time: 00:01:30

Health: -3/63      AC:  8    Str: 27    XL:     6   Next: 1%
Magic:  5/5        EV:  9    Int:  5    God:
Gold:   162        SH: 12    Dex: 10    Spells: 0 memorised, 5 levels left

rFire  . . .     SeeInvis .     a - +0 war axe
rCold  . . .     Gourm    .     b - +0 scale mail
rNeg   . . .     Faith    .     c - +0 shield
rPois  .         Spirit   .     (helmet restricted)
rElec  .         Dismiss  .     (no cloak)
rCorr  .         Reflect  .     (no gloves)
SustAt .         Harm     .     (no boots)
MR     .....     NoTele   +     (no amulet)
Stlth  ..........               (no ring)
                                (no ring)

@: mighty, not resistant to hostile enchantments, extremely unstealthy
A: retaliatory headbutt, horns 2
a: no special abilities


You were in the Dungeon.
You were not hungry.

You visited 1 branch You collected 162 gold pieces.

Inventory:

Hand Weapons
 a - a +0 war axe (weapon)
Armour
 b - a +0 scale mail (worn)
 c - a +0 shield (worn)
Scrolls
 k - a scroll of blinking
Potions
 h - a potion of haste
 i - 2 potions of magic
Comestibles
 f - a bread ration
 j - 8 chunks of flesh


   Skills:
 * Level 9.2 Fighting
 * Level 5.5 Axes
 * Level 8.6 Armour
 * Level 8.9 Shields


You had 5 spell levels left.
You didn't know any spells.

Dungeon Overview and Level Annotations

Branches:
Dungeon (1/1)

Altars:
Cheibriados
Dithmenos
Fedhas
Jiyva


Innate Abilities, Weirdness & Mutations

You reflexively headbutt those who attack you in melee.
You have a pair of horns on your head.


Message History

The slime creature hits you!
You hit the slime creature. You headbutt the slime creature.
The slime creature is moderately wounded.
The slime creature hits you!
You completely miss the slime creature.
The slime creature is moderately wounded.
The slime creature hits you!
* * * LOW HITPOINT WARNING * * *
The slime creature hits you!
* * * LOW HITPOINT WARNING * * *
Drink which item? (? for menu, Esc to quit)
You feel much better. You block the slime creature's attack.
You barely miss the slime creature.
The slime creature is moderately wounded.
The slime creature hits you!
* * * LOW HITPOINT WARNING * * *
Drink which item? (? for menu, Esc to quit)
You feel very mighty all of a sudden. The slime creature hits you.
You die...

###################
#<.#..').#..'..#__#
#..').#..').#..@J.+
#..#####'#####+#__#
#..# #..# ### #..#
#### #..# #⌠⌠# ####


You could see a slime creature.

Vanquished Creatures
  Sigmund (D)
  An ogre (D)
  Ijyb (D)
3 creatures vanquished.

Notes
Turn   | Place    | Note
--------------------------------------------------------------
     0 | D        | magog001 the Minotaur Fighter began the quest for the Orb.
     0 | D        | Reached XP level 1. HP: 19/19 MP: 0/0
     1 | D        | Noticed Ijyb
    10 | D        | Killed Ijyb
    10 | D        | Reached skill level 5 in Fighting
    10 | D        | Reached skill level 5 in Armour
    10 | D        | Reached skill level 5 in Shields
    10 | D        | Reached XP level 2. HP: 29/29 MP: 1/1
    11 | D        | Noticed an ogre
    16 | D        | Killed an ogre
    16 | D        | Reached skill level 7 in Fighting
    16 | D        | Reached XP level 3. HP: 39/39 MP: 2/2
    16 | D        | Reached XP level 4. HP: 47/47 MP: 3/3
    59 | D        | Noticed Sigmund
    73 | D        | Killed Sigmund
    73 | D        | Reached skill level 9 in Fighting
    73 | D        | Reached skill level 5 in Axes
    73 | D        | Reached XP level 5. HP: 51/57 MP: 4/4
    73 | D        | Reached XP level 6. HP: 56/63 MP: 5/5
   128 | D        | Found a snail-covered altar of Cheibriados.
   128 | D        | Found a viscous altar of Jiyva.
   128 | D        | Found a shadowy altar of Dithmenos.
   128 | D        | Found a blossoming altar of Fedhas.
   128 | D        | Noticed a slime creature
   134 | D        | HP: 3/63 [slime creature (14)]
   137 | D        | Slain by a slime creature

Skill      XL: |  1  2  3  4 |
---------------+-------------+-----
Fighting       | 5 7 9 |  9.2
Axes           | 3 4 5 |  5.5
Armour         | 5 6 8 |  8.6
Shields        | 5 6 8 |  8.9

Action                   |  1- 3 |  4- 6 || total
-------------------------+-------+-------++-------
Melee: War axe           |     9 |    15 ||    24
       Headbutt          |     1 |     4 ||     5
  Use: Potion            |     1 |     3 ||     4
Armor: Scale mail        |     2 |     3 ||     5
Dodge: Dodged            |     3 |     2 ||     5
Block: Shield            |     4 |     5 ||     9
